| TOP OF THE 1ST |
|
San Jose Giants batting - Pitching for Harrisburg Senators : RHP Ivano Galikov
|
|
Pitching: RHP Ivano Galikov
|
|
|
Batting: LHB Gil Caraveo
|
0-0: Ball 1-0: Ball 2-0: Ground out U3 (Groundball, 3, EV 83.8 MPH)
|
|
Batting: RHB Frank Pena
|
0-0: Swinging Strike 0-1: Called Strike 0-2: Ground out 6-3 (Groundball, 6, EV 95.6 MPH)
|
|
Batting: LHB Mike Roberts
|
0-0: Ball 1-0: Foul Ball, location: 2F 1-1: Ball 2-1: SINGLE (Line Drive, 56D, EV 101.2 MPH)
|
|
Batting: LHB Oscar Tamayo
|
0-0: Called Strike 0-1: Ball Mike Roberts is caught stealing 2nd base 2-6
|
| Top of the 1st over - 0 runs, 1 hit, 0 errors, 0 left on base; San Jose 0 - Harrisburg 0 |
| BOTTOM OF THE 1ST |
|
Harrisburg Senators batting - Pitching for San Jose Giants : RHP Brian Whitley
|
|
Pitching: RHP Brian Whitley
|
|
|
Batting: RHB Nate Dickinson
|
0-0: Ball 1-0: Foul Ball, location: 2F 1-1: Ball 2-1: Fly out, F4 (Popup, 34S, EV 78.8 MPH)
|
|
Batting: RHB Ryan Hiemer
|
0-0: Foul Ball, location: 2F 0-1: Ball 1-1: Ball 2-1: Ball 3-1: SINGLE (Groundball, 56D, EV 107.5 MPH)
|
|
Batting: RHB Antonio Laurel
|
0-0: Foul Ball, location: 2F 0-1: Ball 1-1: Ball 2-1: Fly out, F5 (Popup, 6S, EV 75.0 MPH)
|
|
Batting: LHB Pat Aviles
|
0-0: Ball 1-0: Foul Ball, location: 2F 1-1: 2-RUN HOME RUN (Flyball, 89XD, EV 103.1 MPH), Distance : 409 ft
|
|
Batting: RHB Kevin Wick
|
0-0: Ball 1-0: Foul Ball, location: 2F 1-1: Ball 2-1: Ground out 4-3 (Groundball, 4S, EV 85.6 MPH)
|
| Bottom of the 1st over - 2 runs, 2 hits, 0 errors, 0 left on base; San Jose 0 - Harrisburg 2 |
| TOP OF THE 2ND |
|
San Jose Giants batting - Pitching for Harrisburg Senators : RHP Ivano Galikov
|
|
Batting: LHB Oscar Tamayo
|
0-0: Foul Ball, location: 2F 0-1: Ball 1-1: Ground out 1-3 (Groundball, 34S, EV 61.9 MPH)
|
|
Batting: RHB Matt Shepard
|
0-0: Ball 1-0: Called Strike 1-1: Foul Ball, location: 2F 1-2: Ball 2-2: Strikes out swinging
|
|
Batting: LHB Steve Nevis
|
0-0: Swinging Strike 0-1: Called Strike 0-2: Ball 1-2: Ball 2-2: Ground out 3-1 (Groundball, 34D, EV 108.1 MPH)
|
| Top of the 2nd over - 0 runs, 0 hits, 0 errors, 0 left on base; San Jose 0 - Harrisburg 2 |
| BOTTOM OF THE 2ND |
|
Harrisburg Senators batting - Pitching for San Jose Giants : RHP Brian Whitley
|
|
Batting: RHB Steve Perez
|
0-0: Ball 1-0: Called Strike 1-1: Ball 2-1: Foul Ball, location: 2F 2-2: TRIPLE (Flyball, 78XD, EV 97.5 MPH)
|
|
Batting: RHB Paul Shell
|
0-0: Ball 1-0: Foul Ball, location: 2F 1-1: Swinging Strike 1-2: SINGLE (Flyball, 4D, EV 94.4 MPH) Steve Perez scores
|
|
Batting: RHB Seth Rutz
|
0-0: Ball 1-0: Called Strike Paul Shell is caught stealing 2nd base 2-4 1-1: Called Strike 1-2: Ball 2-2: Fly out, F9 (Flyball, 9S, EV 89.4 MPH)
|
|
Batting: RHB Victor Cintron
|
0-0: Called Strike 0-1: Foul Ball, location: 2F 0-2: Ball 1-2: SINGLE (Line Drive, 56D, EV 98.1 MPH)
|
|
Batting: RHB Nate Dickinson
|
0-0: Called Strike 0-1: Foul Ball, location: 2F 0-2: Ball Victor Cintron steals 2nd base 1-2: Ground out U3 (Groundball, 3S, EV 85.0 MPH)
|
| Bottom of the 2nd over - 1 run, 3 hits, 0 errors, 1 left on base; San Jose 0 - Harrisburg 3 |
| TOP OF THE 3RD |
|
San Jose Giants batting - Pitching for Harrisburg Senators : RHP Ivano Galikov
|
|
Batting: RHB Zach Maguire
|
0-0: SINGLE (Line Drive, 5D, EV 100.6 MPH)
|
|
Batting: RHB Tony Harper
|
0-0: Ball 1-0: Ball 2-0: Foul Ball, location: 2F 2-1: Ball 3-1: SINGLE (Groundball, 56D, EV 96.9 MPH) Zach Maguire to second
|
|
Batting: RHB Bob Schweiger
|
0-0: Called Strike 0-1: Foul Ball, location: 2F 0-2: Foul Ball, location: 2F 0-2: SINGLE (Groundball, 4D, EV 103.8 MPH) Zach Maguire to third Tony Harper to second
|
|
Batting: LHB Gil Caraveo
|
0-0: Foul Ball, location: 2F 0-1: Ball 1-1: Ball 2-1: Fly out, F9 (Flyball, 89S, EV 87.5 MPH)
|
|
Batting: RHB Frank Pena
|
0-0: Ball 1-0: Foul Ball, location: 2F 1-1: Foul Ball, location: 2F 1-2: Hit by Pitch Zach Maguire scores Tony Harper to third Bob Schweiger to second
|
|
Batting: LHB Mike Roberts
|
0-0: Ball 1-0: Ball 2-0: Ball 3-0: Base on Balls Tony Harper scores Bob Schweiger to third Frank Pena to second
|
|
Batting: LHB Oscar Tamayo
|
0-0: Foul Ball, location: 2F 0-1: Ball 1-1: Called Strike 1-2: DOUBLE (Flyball, 8LXD, EV 98.8 MPH) Bob Schweiger scores Frank Pena scores Mike Roberts to third
|
|
Batting: RHB Matt Shepard
|
0-0: Called Strike 0-1: Ball 1-1: Ball 2-1: Swinging Strike 2-2: Ground out 4-3 (Groundball, 4S, EV 81.2 MPH) Mike Roberts scores Oscar Tamayo to third
|
|
Pitching: RHP Alpha Miller
|
|
|
Batting: LHB Steve Nevis
|
0-0: Ball 1-0: Ball 2-0: Ball 3-0: Base on Balls
|
|
Batting: RHB Zach Maguire
|
0-0: Foul Ball, location: 2F 0-1: Foul Ball, location: 2F 0-2: Strikes out swinging
|
| Top of the 3rd over - 5 runs, 4 hits, 0 errors, 2 left on base; San Jose 5 - Harrisburg 3 |
| BOTTOM OF THE 3RD |
|
Harrisburg Senators batting - Pitching for San Jose Giants : RHP Brian Whitley
|
|
Batting: RHB Ryan Hiemer
|
0-0: Ball 1-0: Ball 2-0: Ball 3-0: Foul Ball, location: 2F 3-1: Base on Balls
|
|
Batting: RHB Antonio Laurel
|
0-0: Swinging Strike 0-1: Ball 1-1: Foul Ball, location: 2F 1-2: SINGLE (Groundball, 56S, EV 73.1 MPH) (infield hit) Ryan Hiemer to second
|
|
Batting: LHB Pat Aviles
|
0-0: Ball Wild Pitch! Ryan Hiemer to third Antonio Laurel to second 1-0: Ball 2-0: Called Strike 2-1: Foul Ball, location: 2F 2-2: Fly out, F3 (Popup, 3SF, EV 70.6 MPH)
|
|
Batting: RHB Kevin Wick
|
0-0: Ball 1-0: Called Strike 1-1: Foul Ball, location: 2F 1-2: Strikes out swinging
|
|
Batting: RHB Steve Perez
|
0-0: Ground out 5-3 (Groundball, 56, EV 81.9 MPH)
|
| Bottom of the 3rd over - 0 runs, 1 hit, 0 errors, 2 left on base; San Jose 5 - Harrisburg 3 |
| TOP OF THE 4TH |
|
San Jose Giants batting - Pitching for Harrisburg Senators : RHP Alpha Miller
|
|
Batting: RHB Tony Harper
|
0-0: Fly out, F9 (Flyball, 9S, EV 86.9 MPH)
|
|
Batting: RHB Bob Schweiger
|
0-0: Ball 1-0: Swinging Strike 1-1: DOUBLE (Line Drive, 78D, EV 114.4 MPH)
|
|
Batting: LHB Gil Caraveo
|
0-0: Ball 1-0: Ball 2-0: Called Strike 2-1: Foul Ball, location: 2F 2-2: Ball 3-2: Strikes out looking
|
|
Batting: RHB Frank Pena
|
0-0: Swinging Strike 0-1: Ball 1-1: Called Strike 1-2: Foul Ball, location: 2F 1-2: Strikes out looking
|
| Top of the 4th over - 0 runs, 1 hit, 0 errors, 1 left on base; San Jose 5 - Harrisburg 3 |
| BOTTOM OF THE 4TH |
|
Harrisburg Senators batting - Pitching for San Jose Giants : RHP Brian Whitley
|
|
Batting: RHB Paul Shell
|
0-0: Called Strike 0-1: Ball 1-1: Called Strike 1-2: Ball 2-2: Foul Ball, location: 2F 2-2: DOUBLE (Line Drive, 5D, EV 96.2 MPH)
|
|
Batting: RHB Seth Rutz
|
0-0: Foul Ball, location: 2F 0-1: Ball 1-1: Called Strike 1-2: Ball 2-2: Ball 3-2: Ground out 6-3 (Groundball, 6, EV 83.1 MPH) Paul Shell to third
|
|
Batting: RHB Victor Cintron
|
0-0: DOUBLE (Line Drive, 7LS, EV 106.9 MPH) Paul Shell scores
|
|
Batting: RHB Nate Dickinson
|
0-0: Ball 1-0: Called Strike 1-1: Ball 2-1: Ball 3-1: Ground out 6-3 (Groundball, 6, EV 91.2 MPH)
|
|
Batting: RHB Ryan Hiemer
|
0-0: SINGLE (Line Drive, 9S, EV 104.4 MPH) Victor Cintron to third
|
|
Batting: RHB Antonio Laurel
|
0-0: Ball 1-0: Swinging Strike 1-1: Ball 2-1: SINGLE (Groundball, 6D, EV 107.5 MPH) Victor Cintron scores Ryan Hiemer to second
|
|
Pitching: RHP Nick McDade
|
|
|
Batting: LHB Pat Aviles
|
0-0: Ball 1-0: Called Strike 1-1: Called Strike 1-2: Foul Ball, location: 2F 1-2: Ball 2-2: Foul Ball, location: 2F 2-2: Foul Ball, location: 2F 2-2: Foul Ball, location: 2F 2-2: Strikes out swinging
|
| Bottom of the 4th over - 2 runs, 4 hits, 0 errors, 2 left on base; San Jose 5 - Harrisburg 5 |
| TOP OF THE 5TH |
|
San Jose Giants batting - Pitching for Harrisburg Senators : RHP Alpha Miller
|
|
Batting: LHB Mike Roberts
|
0-0: Called Strike 0-1: SINGLE (Groundball, 6D, EV 108.8 MPH)
|
|
Batting: LHB Oscar Tamayo
|
0-0: Ball 1-0: Foul Ball, location: 2F 1-1: Fielders Choice at 2nd, 4-6 (Groundball, 34, EV 108.1 MPH)
|
|
Batting: RHB Matt Shepard
|
0-0: Called Strike 0-1: Ball 1-1: Foul Ball, location: 2F 1-2: Grounds into double play, 5-4-3 (Groundball, 56, EV 93.8 MPH)
|
| Top of the 5th over - 0 runs, 1 hit, 0 errors, 0 left on base; San Jose 5 - Harrisburg 5 |
| BOTTOM OF THE 5TH |
|
Harrisburg Senators batting - Pitching for San Jose Giants : RHP Nick McDade
|
|
Batting: RHB Kevin Wick
|
0-0: Ground out 5-3 (Groundball, 56S, EV 83.1 MPH)
|
|
Batting: RHB Steve Perez
|
0-0: Foul Ball, location: 2F 0-1: Ball 1-1: Ground out 5-3 (Groundball, 56S, EV 87.5 MPH)
|
|
Batting: RHB Paul Shell
|
0-0: Called Strike 0-1: Called Strike 0-2: Foul Ball, location: 2F 0-2: Foul Ball, location: 2F 0-2: Ball 1-2: Strikes out looking
|
| Bottom of the 5th over - 0 runs, 0 hits, 0 errors, 0 left on base; San Jose 5 - Harrisburg 5 |
| TOP OF THE 6TH |
|
San Jose Giants batting - Pitching for Harrisburg Senators : RHP Alpha Miller
|
|
Batting: LHB Steve Nevis
|
0-0: Ball 1-0: Called Strike 1-1: Ball 2-1: Ball 3-1: Swinging Strike 3-2: Strikes out swinging passed ball, reaches first!
|
|
Batting: RHB Zach Maguire
|
0-0: Ball Steve Nevis is caught stealing 2nd base 2-4 1-0: Reached on error, E3 (Groundball, 34, EV 103.8 MPH)
|
|
Batting: RHB Tony Harper
|
0-0: Ball 1-0: SINGLE (Groundball, 6MD, EV 103.8 MPH) Zach Maguire to second
|
|
Batting: RHB Bob Schweiger
|
0-0: Ball 1-0: Ball 2-0: Ball 3-0: Called Strike 3-1: Fly out, F7 (Flyball, 78D, EV 98.8 MPH)
|
|
Batting: LHB Gil Caraveo
|
0-0: Foul Ball, location: 2F 0-1: Ball 1-1: Foul Ball, location: 2F 1-2: Strikes out swinging
|
| Top of the 6th over - 0 runs, 1 hit, 1 error, 2 left on base; San Jose 5 - Harrisburg 5 |
| BOTTOM OF THE 6TH |
|
Harrisburg Senators batting - Pitching for San Jose Giants : RHP Nick McDade
|
|
Pitching: RHP Danny MacKinnon
|
|
|
Batting: RHB Seth Rutz
|
0-0: Swinging Strike 0-1: Fly out, F8 (Flyball, 8RXD, EV 94.4 MPH)
|
|
Batting: RHB Victor Cintron
|
0-0: Called Strike 0-1: Called Strike 0-2: Ball 1-2: Ground out 6-3 (Groundball, 6, EV 89.4 MPH)
|
|
Batting: RHB Nate Dickinson
|
0-0: Called Strike 0-1: Ball 1-1: Ball 2-1: Swinging Strike 2-2: Ball 3-2: Foul Ball, location: 2F 3-2: Strikes out swinging
|
| Bottom of the 6th over - 0 runs, 0 hits, 0 errors, 0 left on base; San Jose 5 - Harrisburg 5 |
| TOP OF THE 7TH |
|
San Jose Giants batting - Pitching for Harrisburg Senators : RHP Alpha Miller
|
|
Pitching: LHP Kyle Bachman
|
|
|
Batting: RHB Frank Pena
|
0-0: Ball 1-0: Ball 2-0: SINGLE (Groundball, 6MD, EV 103.1 MPH)
|
|
Batting: LHB Mike Roberts
|
0-0: Called Strike 0-1: Foul Ball, location: 2F 0-2: Strikes out looking
|
|
Batting: LHB Oscar Tamayo
|
0-0: Ball 1-0: Ball 2-0: Called Strike 2-1: Foul Ball, location: 2F 2-2: Grounds into double play, 4-6-3 (Groundball, 4, EV 84.4 MPH)
|
| Top of the 7th over - 0 runs, 1 hit, 0 errors, 0 left on base; San Jose 5 - Harrisburg 5 |
| BOTTOM OF THE 7TH |
|
Harrisburg Senators batting - Pitching for San Jose Giants : RHP Danny MacKinnon
|
|
Batting: RHB Ryan Hiemer
|
0-0: Ball 1-0: Foul Ball, location: 2F 1-1: Ball 2-1: Foul Ball, location: 2F 2-2: Foul Ball, location: 2F 2-2: Fly out, F8 (Flyball, 8RM, EV 92.5 MPH)
|
|
Batting: RHB Antonio Laurel
|
0-0: Foul Ball, location: 2F 0-1: Foul Ball, location: 2F 0-2: Ball 1-2: Ball 2-2: Ground out 4-3 (Groundball, P, EV 87.5 MPH)
|
|
Batting: LHB Pat Aviles
|
0-0: Ball 1-0: Swinging Strike 1-1: Called Strike 1-2: Ball 2-2: Strikes out swinging
|
| Bottom of the 7th over - 0 runs, 0 hits, 0 errors, 0 left on base; San Jose 5 - Harrisburg 5 |
| TOP OF THE 8TH |
|
San Jose Giants batting - Pitching for Harrisburg Senators : LHP Kyle Bachman
|
|
Batting: RHB Matt Shepard
|
0-0: Called Strike 0-1: Foul Ball, location: 2F 0-2: Ground out 4-3 (Groundball, 4, EV 101.9 MPH)
|
|
Batting: LHB Steve Nevis
|
0-0: Called Strike 0-1: Ball 1-1: Ball 2-1: Foul Ball, location: 2F 2-2: Ball 3-2: Ground out 5-3 (Groundball, 5, EV 107.5 MPH)
|
|
Batting: RHB Zach Maguire
|
0-0: Called Strike 0-1: Ball 1-1: Ball 2-1: Ball 3-1: Base on Balls
|
|
Batting: RHB Tony Harper
|
0-0: Ball 1-0: Called Strike Zach Maguire steals 2nd base 1-1: Ball 2-1: Called Strike 2-2: Ball 3-2: Base on Balls
|
|
Pitching: RHP Stacey Kerssies
|
|
|
Batting: RHB Bob Schweiger
|
0-0: Ball 1-0: SINGLE (Line Drive, 9S, EV 89.4 MPH) Zach Maguire to third Tony Harper to second Runner from 3rd tries for Home, SAFE, throw by RF to home
|
|
Batting: LHB Gil Caraveo
|
0-0: Ball 1-0: Foul Ball, location: 2F 1-1: SINGLE (Line Drive, 9S, EV 106.9 MPH) Tony Harper to third Bob Schweiger to second Runner from 3rd tries for Home, SAFE, throw by RF to home
|
|
Batting: RHB Frank Pena
|
0-0: Ball 1-0: Fly out, F8 (Flyball, 89S, EV 85.6 MPH)
|
| Top of the 8th over - 2 runs, 2 hits, 0 errors, 2 left on base; San Jose 7 - Harrisburg 5 |
| BOTTOM OF THE 8TH |
|
Harrisburg Senators batting - Pitching for San Jose Giants : RHP Danny MacKinnon
|
|
Pitching: LHP Jimmy Heinecke
|
|
|
Batting: RHB Kevin Wick
|
0-0: Ball 1-0: Called Strike 1-1: Foul Ball, location: 2F 1-2: Foul Ball, location: 2F 1-2: Ball 2-2: Strikes out swinging
|
|
Batting: RHB Steve Perez
|
0-0: Foul Ball, location: 2F 0-1: Ball 1-1: Foul Ball, location: 2F 1-2: Ball 2-2: Ball 3-2: Fly out, F9 (Line Drive, 9, EV 83.8 MPH)
|
|
Batting: RHB Paul Shell
|
0-0: Called Strike 0-1: SINGLE (Line Drive, 8LS, EV 106.2 MPH)
|
|
Batting: RHB Seth Rutz
|
0-0: Ball 1-0: Called Strike 1-1: Foul Ball, location: 2F 1-2: Foul Ball, location: 2F 1-2: Ball 2-2: Foul Ball, location: 2F 2-2: Fly out, F7 (Flyball, 7S, EV 88.8 MPH)
|
| Bottom of the 8th over - 0 runs, 1 hit, 0 errors, 1 left on base; San Jose 7 - Harrisburg 5 |
| TOP OF THE 9TH |
|
San Jose Giants batting - Pitching for Harrisburg Senators : RHP Stacey Kerssies
|
|
Batting: LHB Mike Roberts
|
0-0: Foul Ball, location: 2F 0-1: Called Strike 0-2: Strikes out swinging
|
|
Batting: LHB Oscar Tamayo
|
0-0: Called Strike 0-1: Ball 1-1: Ball 2-1: Called Strike 2-2: Ball 3-2: Base on Balls
|
|
Batting: RHB Matt Shepard
|
0-0: Foul Ball, location: 2F 0-1: Ball 1-1: Swinging Strike 1-2: SINGLE (Groundball, 4M, EV 95.6 MPH) Oscar Tamayo to second
|
|
Batting: LHB Steve Nevis
|
0-0: Ball 1-0: Ball 2-0: Foul Ball, location: 2F 2-1: Swinging Strike 2-2: Ball 3-2: Fielders Choice at 2nd, 3-6 (Groundball, 34, EV 91.2 MPH) Oscar Tamayo to third
|
|
Batting: RHB Zach Maguire
|
0-0: Foul Ball, location: 2F 0-1: Ball 1-1: Called Strike 1-2: Ball Wild Pitch! Oscar Tamayo scores Steve Nevis to second 2-2: Ground out 6-3 (Groundball, 56, EV 93.1 MPH)
|
| Top of the 9th over - 1 run, 1 hit, 0 errors, 1 left on base; San Jose 8 - Harrisburg 5 |
| BOTTOM OF THE 9TH |
|
Harrisburg Senators batting - Pitching for San Jose Giants : LHP Jimmy Heinecke
|
|
Pitching: RHP Sam Drews
|
|
|
Batting: RHB Victor Cintron
|
0-0: Foul Ball, location: 2F 0-1: Called Strike 0-2: Ball 1-2: Foul Ball, location: 2F 1-2: Ball 2-2: Ball 3-2: Hit by Pitch
|
|
Batting: RHB Nate Dickinson
|
0-0: Fly out, F8 (Flyball, 8RXD, EV 93.1 MPH)
|
|
Batting: RHB Ryan Hiemer
|
0-0: Called Strike 0-1: Ball 1-1: Swinging Strike 1-2: Foul Ball, location: 2F 1-2: Ball 2-2: Strikes out swinging
|
|
Batting: RHB Antonio Laurel
|
0-0: Called Strike 0-1: Fielders Choice at 2nd, 6-4 (Groundball, 6, EV 107.5 MPH)
|
| Bottom of the 9th over - 0 runs, 0 hits, 0 errors, 1 left on base; San Jose 8 - Harrisburg 5 |
|